 Dungeon Crawl Stone Soup version 0.28.0-53-g5a82cb258f (webtiles) character file.

Game seed: 6106669324126415350

1774 Sin92 the Slasher (level 8, -1/64 HPs)
             Began as a Demonspawn Fighter on June 29, 2022.
             Was an Initiate of Okawaru.
             Slain by an orc warrior
             ... wielding a +0 trident
              (16 damage)
             ... on level 7 of the Dungeon.
             The game lasted 00:06:58 (6001 turns).

Sin92 the Slasher (Demonspawn Fighter)              Turns: 6001, Time: 00:06:59

Health: -1/64      AC:  7    Str: 17    XL:     8   Next: 80%
Magic:  8/8        EV: 10    Int: 10    God:    Okawaru [......]
Gold:   361        SH:  5    Dex: 14    Spells: 7/7 levels left

rFire   . . .      SeeInvis .   a - +0 long sword (venom)
rCold   . . .      Faith    .   c - +0 buckler
rNeg    . . .      Spirit   .   s - +3 leather armour {Will+}
rPois   .          Reflect  .   (helmet restricted)
rElec   .          Harm     .   k - +0 cloak
rCorr   +          Rampage  .   (no gloves)
Will    +....                   (no boots)
Stlth   +.........              e - amulet of regeneration
HPRegen 1.00/turn               g - ring of resist corrosion
MPRegen 0.11/turn               (no ring)

@: no status effects
A: claws 1, hooves 1, horns 1, (demonic guardian 1), foul stench 2, wild magic 1
a: Renounce Religion


You were on level 7 of the Dungeon.
You worshipped Okawaru.
Okawaru was noncommittal.
You visited 2 branches of the dungeon, and saw 8 of its levels.

You collected 361 gold pieces.

Inventory:

Hand Weapons
 a - a +0 long sword of venom (weapon)
Missiles
 m - 3 throwing nets (quivered)
 r - 3 boomerangs of dispersal
Armour
 b - a +0 scale mail
 c - a +0 buckler (worn)
 h - a +0 chain mail
 k - a +0 cloak (worn)
 s - a +3 leather armour of willpower (worn)
Jewellery
 e - an amulet of regeneration (around neck)
 g - a ring of resist corrosion (left claw)
 i - an amulet of faith
Wands
 l - a wand of polymorph (1)
 p - a wand of mindburst (10)
 u - a wand of flame (16)
 v - a wand of charming (10)
Scrolls
 f - 5 scrolls of identify
 n - a scroll of amnesia
 o - 2 scrolls of magic mapping
Potions
 d - a potion of might
 j - a potion of attraction
 q - 2 potions of haste
 t - a potion of heal wounds


   Skills:
 + Level 5.9 Fighting
 * Level 6.8 Long Blades
 + Level 5.3 Armour
 + Level 5.3 Shields


You had 7 spell levels left.
You didn't know any spells.
Your spell library contained the following spells:

 Spells                   Type           Power      Damage    Failure   Level
 Stone Arrow              Conj/Erth      0%         3d7       90%         3
 Lehudib's Crystal Spear  Conj/Erth      0%         10d2      100%        8
 Animate Armour           Summ/Erth      Unusable   N/A       N/A         4

Dungeon Overview and Level Annotations

Branches:
Dungeon (7/15)             Temple (1/1) D:7

Altars:
Ashenzari
Cheibriados
Dithmenos
Elyvilon
Fedhas
Gozag
Hepliaklqana
Kikubaaqudgha
Makhleb
Nemelex Xobeh
Okawaru
Qazlal
Ru
Sif Muna
Trog
Uskayaw
Wu Jian
Zin
The Shining One


Innate Abilities, Weirdness & Mutations

You have sharp fingernails.
You have large cloven feet.
You have a pair of small horns on your head.
((A weak demonic guardian rushes to your aid.))
You sometimes emit foul miasma when damaged in melee.
Your spells are a little harder to cast, but a little more powerful.


Message History

Unknown command.
An orc warrior is nearby!
You hit the orc warrior but do no damage.
The orc warrior hits you with a +0 trident!
Unknown command.
An orc warrior is nearby!
You are too injured to fight recklessly!
Unknown command.
An orc warrior is nearby!
You are too injured to fight recklessly!
Unknown command.
An orc warrior is nearby!
You are too injured to fight recklessly!
Unknown command.
An orc warrior is nearby!
You completely miss the orc warrior.
You kick the orc warrior, but do no damage.
The orc warrior hits you but does no damage.
You hit the orc warrior.
The orc warrior is poisoned.
You kick the orc warrior, but do no damage.
The orc warrior is lightly wounded.
The orc warrior hits you with a +0 trident!
* * * LOW HITPOINT WARNING * * *
You barely miss the orc warrior. Your headbutt misses the orc warrior.
The orc warrior is lightly wounded.
The orc warrior barely misses you.
You closely miss the orc warrior.
You kick the orc warrior, but do no damage.
You headbutt the orc warrior, but do no damage.
The orc warrior is moderately wounded.
The orc warrior hits you with a +0 trident.
* * * LOW HITPOINT WARNING * * *
You emit a cloud of foul miasma!
You barely miss the orc warrior.
You headbutt the orc warrior, but do no damage.
The orc warrior is moderately wounded.
The orc warrior is engulfed in dark miasma.
The orc warrior looks even sicker.
The orc warrior seems to slow down.
The orc warrior hits you with a +0 trident!
You die...

## ###### . .....# ###
# #. #.##.# ##.##
#.#.##.##.# ##...##
#....#)##.###.....##
#...o@.............#
.......#.##.###.....##
###.#.##.##.# ##...##
#......##.# ##.##
###.......# #.#
#+####### #.### #.>.#
#######.## #........#


You could see an orc warrior (very poisoned, slow).

Vanquished Creatures
  3 sky beasts
  An ice beast (D:6)
  3 black bears
  An ogre (D:5)
  A centaur (D:6)
  A phantom (D:4)
  A scorpion (D:4)
  A water moccasin zombie (D:5)
  2 centaur zombies
  3 orc priests
  4 hounds
  Jessica (D:3)
  Natasha (thrice) (D:3)
  4 iguanas
  3 orc wizards
  A killer bee zombie (D:6)
  3 hound skeletons
  5 adders
  2 shadow imps (D:7)
  A white imp (D:6)
  3 dart slugs (D:1)
  19 orcs
  3 endoplasms
  A giant cockroach (D:2)
  5 goblins
  5 hobgoblins
  2 jackals (D:4)
  5 kobolds
  7 quokkas
  4 ball pythons
  A bat (D:5)
  4 frilled lizards (D:1)
  A rat (D:1)
104 creatures vanquished.

Vanquished Creatures (collateral kills)
  An orc wizard (D:6)
1 creature vanquished.

Vanquished Creatures (others)
  4 toadstools (D:1)
4 creatures vanquished.

Grand Total: 109 creatures vanquished

Notes
Turn   | Place    | Note
-------+----------+-------------------------------------------
     0 | D:1      | Sin92 the Demonspawn Fighter began the quest for the Orb.
     0 | D:1      | Reached XP level 1. HP: 18/18 MP: 1/1
   231 | D:1      | Reached skill level 2 in Long Blades
   404 | D:1      | Discovered your monstrous ancestry.
   404 | D:1      | Gained mutation: You have large cloven feet. [demonic
                  | ancestry]
   404 | D:1      | Reached XP level 2. HP: 24/24 MP: 2/2
  1140 | D:2      | Reached XP level 3. HP: 29/29 MP: 3/3
  1307 | D:2      | Gained mutation: You have a pair of small horns on your
                  | head. [demonic ancestry]
  1307 | D:2      | Reached XP level 4. HP: 31/35 MP: 4/4
  1352 | D:2      | Identified the +2 leather armour of Noudial {Rampage}
  1438 | D:2      | Reached skill level 3 in Long Blades
  2025 | D:3      | Noticed Natasha
  2034 | D:3      | Killed Natasha
  2035 | D:3      | Gained mutation: A weak demonic guardian rushes to your
                  | aid. [demonic ancestry]
  2035 | D:3      | Reached XP level 5. HP: 30/42 MP: 5/5
  2105 | D:3      | Found a faded altar of an unknown god.
  2237 | D:3      | Noticed Jessica
  2246 | D:3      | Killed Jessica
  2365 | D:3      | Noticed Natasha
  2373 | D:3      | Killed Natasha
  2394 | D:3      | Noticed Natasha
  2399 | D:3      | Killed Natasha
  2491 | D:3      | Found a hide-covered altar of Uskayaw.
  2824 | D:3      | Gained mutation: You may rarely emit foul miasma when
                  | damaged in melee. [demonic ancestry]
  2824 | D:3      | Reached XP level 6. HP: 18/48 MP: 6/6
  2991 | D:4      | Reached skill level 4 in Long Blades
  3240 | D:4      | Gained mutation: You have sharp fingernails. [demonic
                  | ancestry]
  3240 | D:4      | Reached XP level 7. HP: 55/55 MP: 7/7
  3543 | D:4      | Gained mutation: Your spells are a little harder to cast,
                  | but a little more powerful. [potion of mutation]
  3612 | D:5      | Entered Level 5 of the Dungeon
  3690 | D:5      | Reached skill level 5 in Long Blades
  3929 | D:5      | Reached skill level 5 in Fighting
  4160 | D:5      | Found a sacrificial altar of Ru.
  4167 | D:5      | Gained mutation: You sometimes emit foul miasma when
                  | damaged in melee. [demonic ancestry]
  4167 | D:5      | Reached XP level 8. HP: 59/62 MP: 8/8
  4607 | D:6      | Reached skill level 6 in Long Blades
  4728 | D:6      | Reached skill level 5 in Armour
  4728 | D:6      | Reached skill level 5 in Shields
  5308 | D:6      | Found a shimmering blue altar of Sif Muna.
  5542 | D:7      | Found a staircase to the Ecumenical Temple.
  5638 | Temple   | Entered the Ecumenical Temple
  5844 | Temple   | Became a worshipper of Warmaster Okawaru
  6001 | D:7      | Slain by an orc warrior

Illustrated notes

Levels and vault maps discovered:
D:1:      ldierk_water_garden, layout_loops_corners, hangedman_decor_growths
D:2:      cheibrodos_pilgrimage, layout_loops_ring
D:3:      layout_basic, general_overflow_altar,
          ebering_ecumenical_altar_petrified, uniq_jessica, uniq_natasha
D:4:      layout_gridville, minmay_misc_feat_pillars,
          chequers_serial_rivers_small_3
D:5:      layout_basic, nicolae_ru_great_annihilating_truth,
          ebering_dispersal_statue_hall, minmay_diced_spiral
D:6:      layout_basic, tgw_sif, mainiacjoe_overflow_tiny_flanked
D:7:      layout_loops_corners, mainiacjoe_overflow_alcove_1,
          xom_confusion_cloud, minmay_temple_entry_junction, minmay_holes,
          uniq_harold
Temple:   regret_index_temple_generic_petals

Skill      XL: |  1  2  3  4  5  6  7  8 |
---------------+-------------------------+-----
Long Blades    | 2 3 4 5 6 |  6.8
Armour         | 3 4 5 |  5.3
Shields        | 3 4 5 |  5.3
Fighting       | 4 5 |  5.9

Action                   |  1- 3 |  4- 6 |  7- 9 || total
-------------------------+-------+-------+-------++-------
Melee: Long sword        |    75 |   100 |   149 ||   324
       Kick              |    13 |    27 |    52 ||    92
       Headbutt          |       |    14 |    27 ||    41
  Use: Scroll            |     4 |     2 |     4 ||    10
       Potion            |       |     1 |     4 ||     5
Armor: Scale mail        |    11 |       |       ||    11
       Chain mail        |    31 |    46 |    26 ||   103
       Leather armour    |       |       |    49 ||    49
Dodge: Dodged            |    20 |    29 |    62 ||   111
Block: Buckler           |    16 |    17 |    47 ||    80
